 Dungeon Crawl Stone Soup version 0.30.0-10-gfe55d96785 (webtiles) character file.

Game seed: 14310996022532148895

19976 adizb the Carver (level 12, 0/75 HPs)
             Began as a Tengu Gladiator on May 16, 2023.
             Was a Believer of Wu Jian.
             Slain by a skyshark (21 damage)
             ... on level 3 of the Lair of Beasts.
             The game lasted 00:55:15 (10886 turns).

adizb the Carver (Tengu Gladiator)                 Turns: 10886, Time: 00:55:18

Health: 0/75       AC:  6    Str: 21    XL:     12   Next: 74%
Magic:  0/13       EV: 21    Int: 10    God:    Wu Jian [**....]
Gold:   1517       SH:  0    Dex: 19    Spells: 11/11 levels left

rFire   . . .        O - +3 great sword
rCold   + . .        (shield currently unavailable)
rNeg    . . .        S - +0 troll leather armour
rPois   .            c - +0 hat
rElec   .            E - +0 cloak
rCorr   .            q - +0 pair of gloves
SInv    .            (boots unavailable)
Will    .....        l - amulet of guardian spirit
Stlth   +++++        j - ring of protection from cold
HPRegen 1.12/turn    p - +6 ring of strength
MPRegen 0.13/turn

%: guardian spirit
@: flying quickly and evasively, studying Stealth, quick
A: beak, talons 3, nimble flight
a: Renounce Religion, Wall Jump


You were on level 3 of the Lair of Beasts.
You worshipped Wu Jian.
Wu Jian was pleased with you.
You visited 4 branches of the dungeon, and saw 16 of its levels.
You also visited: Ossuary.

You collected 2537 gold pieces.
You spent 1020 gold pieces at shops.

Inventory:

Hand Weapons
 N - a +2 scimitar
 O - a +3 great sword (weapon)
Missiles
 d - a throwing net (quivered)
 e - 9 javelins
Armour
 c - a +0 hat (worn)
 f - +0 steam dragon scales
 n - a +0 ring mail
 q - a +0 pair of gloves (worn)
 x - a +0 pair of gloves
 E - a +0 cloak (worn)
 K - a +1 leather armour of fire resistance
 P - a scarf of invisibility
 S - a +0 troll leather armour (worn)
Jewellery
 j - a ring of protection from cold (left hand)
 k - an amulet of magic regeneration
 l - an amulet of guardian spirit (around neck)
 p - a +6 ring of strength (right hand)
 J - a +6 ring of intelligence
 V - an amulet of faith
Wands
 a - a wand of acid (12)
 y - a wand of paralysis (9)
 G - a wand of flame (28)
 L - a wand of polymorph (8)
 U - a wand of mindburst (7)
Scrolls
 g - 5 scrolls of silence
 i - 2 scrolls of enchant weapon
 r - 7 scrolls of teleportation
 v - 4 scrolls of fear
 C - a scroll of vulnerability
 D - 2 scrolls of fog
 H - 2 scrolls of blinking
 R - a scroll of magic mapping
 T - a scroll of identify
Potions
 b - 2 potions of resistance {unknown}
 h - 5 potions of lignification
 m - 2 potions of mutation {unknown}
 o - 2 potions of invisibility
 s - a potion of flight {unknown}
 t - 5 potions of curing
 u - 6 potions of attraction
 w - 2 potions of heal wounds
 z - 5 potions of magic
 A - 5 potions of brilliance
 B - 3 potions of might
 F - 2 potions of ambrosia
 I - 2 potions of cancellation {unknown}
 M - 2 potions of haste
 Q - a potion of berserk rage {unknown}


   Skills:
 + Level 8.8 Fighting
 * Level 13.5 Long Blades
 - Level 8.7 Throwing
 + Level 3.1 Armour
 + Level 9.9 Dodging
 + Level 12.6 Stealth


You had 11 spell levels left.
You didn't know any spells.
Your spell library contained the following spells:

 Spells                   Type           Power      Damage    Failure   Level
 Sandblast                Erth           0%         2d4       41%         1
 Shock                    Conj/Air       0%         1d3       41%         1
 Blink                    Tloc           0%         N/A       54%         2
 Lesser Beckoning         Tloc           0%         N/A       54%         2
 Momentum Strike          Conj/Tloc      0%         3d8       54%         2
 Scorch                   Fire           0%         2d5       54%         2
 Inner Flame              Hex/Fire       0%         N/A       78%         3
 Swiftness                Air            0%         N/A       78%         3
 Airstrike                Air            0%         2d(0-16)  99%         4
 Animate Armour           Summ/Erth      0%         N/A       99%         4
 Flame Wave               Conj/Fire      0%         2d4       99%         4
 Manifold Assault         Tloc           0%         N/A       99%         4
 Summon Forest            Summ/Tloc      0%         N/A       100%        5
 Yara's Violent Unravell  Hex/Tmut       0%         3d3       100%        5
 Eringya's Noxious Bog    Tmut/Pois      0%         N/A       100%        6
 Statue Form              Tmut/Erth      0%         N/A       100%        6
 Summon Cactus Giant      Summ           0%         N/A       100%        6
 Enfeeble                 Hex            0%         N/A       100%        7
 Storm Form               Tmut/Air       0%         N/A       100%        7
 Summon Hydra             Summ           0%         N/A       100%        7
 Lehudib's Crystal Spear  Conj/Erth      0%         10d2      100%        8


Dungeon Overview and Level Annotations

Branches:
Dungeon (10/15)            Temple (1/1) D:6            Lair (3/5) D:9
  Swamp (0/4) Lair:2       Spider (0/4) Lair:2          Orc (2/2) D:9
Ossuary (visited)
    Elf: Orc:2

Altars:
Ashenzari
Cheibriados
Dithmenos
Elyvilon
Fedhas
Gozag
Hepliaklqana
Kikubaaqudgha
Nemelex Xobeh
Okawaru
Qazlal
Ru
Sif Muna
Trog
Uskayaw
Vehumet
Wu Jian
Xom
Yredelemnul
Zin
The Shining One

Shops:
D:2 [   D:9 ?   D:10 *

Annotations:
Orc:2 Urug


Innate Abilities, Weirdness & Mutations

You have a beak for a mouth.
You have claws for feet.
Your magical nature lets you fly swiftly and evasively.


Message History

The skyshark is lightly wounded.
The skyshark closely misses you. The skyshark completely misses you. x2
You slice the skyshark!! You claw the skyshark.
The skyshark is moderately wounded.
The bullfrog hits you. The skyshark bites you.
The skyshark tastes blood and grows stronger!
The skyshark tail-slaps you but does no damage.
The skyshark tail-slaps you.
You spin and attack the skyshark.
You closely miss the skyshark. You claw the skyshark.
Your peck misses the skyshark.
The skyshark is heavily wounded.
The bullfrog completely misses you. The skyshark closely misses you.
The skyshark tail-slaps you! x2
You barely miss the skyshark.
You peck the skyshark, but do no damage.
The skyshark is heavily wounded.
The bullfrog hits you but does no damage.
The skyshark bites you!!
The skyshark enters a blood-rage!
The skyshark misses you. The skyshark barely misses you.
The bullfrog attacks as you move away! The bullfrog misses you.
The skyshark bites you!!
* * * LOW HITPOINT WARNING * * *
The skyshark misses you. The skyshark barely misses you.
The skyshark barely misses you. The skyshark closely misses you.
The skyshark tail-slaps you.
* * * LOW HITPOINT WARNING * * *
You see here a +0 pair of gloves.
Aiming: Wall Jump
Press: ? - help, Dir - move target You repeatedly attack the skyshark from above.
You slice the skyshark!!
The skyshark is severely wounded.
You hit the skyshark. You claw the skyshark! Your peck misses the skyshark.
The skyshark is severely wounded.
You repeatedly attack the bullfrog from above.
You slice the bullfrog!!
You kill the bullfrog!
The Council accepts your kill. The skyshark bites you!!
You die...

## #####
###.###PP.#####
..............#
......>.......##
..............P#
..............#
..........○○○.#
..........°@l[#
#.#.....<.°○°.#
##..........#
#............#
##...........#
#..........##
#...........#
#...........P#
##...........#


You could see a skyshark (berserk).

Vanquished Creatures
  Erolcha (D:10)
  A boulder beetle (Lair:2)
  Pikel (D:4)
  A bog body (Lair:2)
  An orc knight (Orc:1)
  The ghost of wolfgangpup the Chopper, a novice GnRe of Trog (D:6)
  A black mamba (Lair:1)
  Maurice (D:10)
  4 elephants (Lair:2)
  A torpor snail (Lair:2)
  8 cane toads
  5 komodo dragons
  A polar bear (Lair:1)
  A meliai (Lair:2)
  2 trolls (D:9)
  A hornet (D:9)
  A shadow (D:5)
  A vampire (D:9)
  A wyvern (Lair:2)
  21 yaks
  Eustachio (D:5)
  4 steam dragons (D:9)
  A warg (Orc:1)
  An acid dragon (D:9)
  3 swamp worms (Lair:2)
  Duvessa (D:7)
  6 water moccasins
  7 orc warriors
  A sky beast (D:6)
  2 ogres
  2 ice beasts
  2 centaurs
  2 lemures (D:4)
  Blork the orc (D:4)
  3 phantoms
  5 kobold brigands
  4 bullfrogs
  3 scorpions
  12 wights
  Dowan (D:7)
  11 killer bees
  4 electric eels
  Crazy Yiuf (D:7)
  2 hounds
  5 orc priests
  A jelly (D:6)
  A human zombie (D:7)
  2 gnoll boudas
  Jessica (D:2)
  Natasha (D:2)
  2 iguanas
  14 orc wizards
  9 mummies
  9 gnolls
  7 adders
  A shadow imp (D:6)
  A white imp (D:5)
  An ufetubus (D:6)
  2 worms
  4 dart slugs
  30 orcs
  6 endoplasms
  3 giant cockroaches (D:4)
  A gnoll zombie (Ossuary)
  8 goblins
  4 hobgoblins
  8 jackals
  22 kobolds
  4 quokkas
  8 ball pythons
  9 bats
  5 frilled lizards
  A goblin zombie (D:7)
  3 hobgoblin zombies (Ossuary)
  4 orc zombies (Ossuary)
  5 rats
317 creatures vanquished.

Notes
Turn   | Place    | Note
-------+----------+-------------------------------------------
     0 | D:1      | adizb the Tengu Gladiator began the quest for the Orb.
     0 | D:1      | Reached XP level 1. HP: 12/12 MP: 2/2
   115 | D:1      | Reached XP level 2. HP: 12/17 MP: 3/3
   391 | D:1      | Reached XP level 3. HP: 21/21 MP: 4/4
   784 | D:1      | Reached skill level 4 in Long Blades
  1098 | D:2      | Noticed Natasha
  1104 | D:2      | Killed Natasha
  1105 | D:2      | Reached XP level 4. HP: 25/27 MP: 3/5
  1204 | D:2      | Reached skill level 1 in Stealth
  1216 | D:2      | Found Hamnaw's Armour Shoppe.
  1228 | D:2      | Bought a +0 pair of gloves for 45 gold pieces
  1268 | D:2      | Noticed Jessica
  1276 | D:2      | Killed Jessica
  1297 | D:2      | Gained mutation: Your magical nature lets you fly swiftly
                  | and evasively. [Tengu growth]
  1297 | D:2      | Reached XP level 5. HP: 22/31 MP: 4/6
  2069 | D:3      | Found a shimmering altar of Xom.
  2167 | D:3      | Reached skill level 5 in Long Blades
  2167 | D:3      | Reached XP level 6. HP: 30/37 MP: 7/7
  2282 | D:3      | Found a broken altar of Ashenzari.
  2641 | D:4      | Noticed an ice beast
  2655 | D:4      | Killed an ice beast
  2671 | D:4      | Noticed Blork the orc
  2685 | D:4      | Killed Blork the orc
  2828 | D:4      | Reached XP level 7. HP: 8/41 MP: 2/8
  3148 | D:4      | Noticed Pikel
  3212 | D:4      | Killed Pikel
  3213 | D:4      | Reached skill level 6 in Long Blades
  3213 | D:4      | Reached skill level 5 in Dodging
  3213 | D:4      | Reached skill level 5 in Stealth
  3213 | D:4      | Reached XP level 8. HP: 25/48 MP: 5/9
  3446 | D:5      | Entered Level 5 of the Dungeon
  3446 | D:5      | Noticed Eustachio
  3462 | D:5      | Killed Eustachio
  3463 | D:5      | Reached skill level 7 in Long Blades
  3474 | D:5      | Noticed a +0 falchion
  3477 | D:5      | Noticed a +0 spear
  3478 | D:5      | Noticed a +0 short sword
  3478 | D:5      | Noticed a +0 short sword
  3479 | D:5      | Noticed a +0 spear
  3479 | D:5      | Noticed a +0 falchion
  3479 | D:5      | Noticed a +0 dagger
  3479 | D:5      | Noticed a +0 dagger
  3530 | D:5      | Noticed a shadow
  3942 | D:6      | Found a shadowy altar of Dithmenos.
  4081 | D:7      | Noticed Duvessa
  4183 | D:7      | Found a runed translucent door.
  4184 | D:7      | Noticed Crazy Yiuf
  4191 | D:7      | Killed Crazy Yiuf
  4221 | D:7      | Found a sand-covered staircase.
  4235 | Ossuary  | Entered an ossuary
  4275 | Ossuary  | Reached XP level 9. HP: 53/53 MP: 10/10
  4313 | Ossuary  | Reached skill level 5 in Fighting
  4330 | Ossuary  | Reached skill level 5 in Throwing
  4339 | Ossuary  | Reached skill level 8 in Long Blades
  4493 | D:7      | Identified the +5 hand axe of the Shifting Pill Bug {vamp,
                  | rC+ SInv Stlth-}
  4855 | D:7      | Noticed Dowan
  4863 | D:7      | Killed Duvessa
  4872 | D:7      | Killed Dowan
  5089 | D:6      | Found a runed translucent door.
  5089 | D:6      | Noticed wolfgangpup's ghost (novice GnRe)
  5107 | D:6      | Killed wolfgangpup's ghost
  5123 | D:6      | Found a radiant altar of Vehumet.
  5238 | D:6      | Reached skill level 9 in Long Blades
  5432 | D:6      | Found a staircase to the Ecumenical Temple.
  5443 | Temple   | Entered the Ecumenical Temple
  5732 | D:5      | Found a hide-covered altar of Uskayaw.
  5824 | D:5      | Reached XP level 10. HP: 48/60 MP: 8/11
  5904 | D:5      | Got the Volume of Minerals
  6000 | D:8      | Found a sparkling altar of Nemelex Xobeh.
  6277 | D:8      | Found a stormy altar of Qazlal.
  6360 | D:8      | Noticed Maurice
  6431 | D:8      | Reached skill level 10 in Long Blades
  6446 | D:8      | Found a snail-covered altar of Cheibriados.
  6488 | D:8      | Found a hazy altar of Hepliaklqana.
  6570 | D:8      | Found an ancient bone altar of Kikubaaqudgha.
  6966 | D:9      | Found a blossoming altar of Fedhas.
  7260 | D:10     | Entered Level 10 of the Dungeon
  7266 | D:10     | Killed Maurice
  7300 | D:10     | Noticed Erolcha
  7309 | D:10     | Killed Erolcha
  7310 | D:10     | Reached skill level 11 in Long Blades
  7310 | D:10     | Reached XP level 11. HP: 20/67 MP: 5/12
  7351 | D:10     | HP: 1/67 [poisoned by a water moccasin]
  7352 | D:10     | Reached skill level 10 in Stealth
  7412 | D:10     | Found Juoco's General Store.
  7506 | D:10     | HP: 2/67 [electric eel/bolt of electricity (7)]
  7721 | D:10     | Bought a potion of curing for 39 gold pieces
  7721 | D:10     | Bought a potion of ambrosia for 104 gold pieces
  7777 | D:10     | Found an opulent altar of Gozag.
  7901 | D:9      | Found Dohaaga's Magic Scroll Boutique.
  7907 | D:9      | Found a staircase to the Lair.
  7940 | D:9      | Found an ornate altar of the Wu Jian Council.
  7997 | D:9      | Became a worshipper of the Wu Jian Council
  8112 | D:9      | Found a staircase to the Orcish Mines.
  8746 | D:9      | Reached * piety under Wu Jian
  8790 | D:9      | Found a glowing golden altar of the Shining One.
  8967 | Orc:1    | Entered Level 1 of the Orcish Mines
  9088 | D:9      | Bought a scroll of acquirement for 832 gold pieces
  9089 | D:9      | Acquired 1016 gold pieces
  9308 | Orc:1    | Noticed an orc knight
  9341 | Orc:1    | Killed an orc knight
  9415 | Orc:2    | Entered Level 2 of the Orcish Mines
  9415 | Orc:2    | Noticed Urug
  9415 | Orc:2    | Noticed an orc sorcerer
  9461 | Lair:1   | Entered Level 1 of the Lair of Beasts
  9483 | Lair:1   | Reached skill level 12 in Long Blades
  9743 | Lair:1   | You are sucked into a shaft and drop 1 floor!
  9773 | Lair:2   | Noticed a bog body
  9799 | Lair:2   | Found a hole to the Spider Nest.
  9958 | Lair:2   | Reached ** piety under Wu Jian
  9959 | Lair:2   | Reached XP level 12. HP: 73/73 MP: 10/13
 10090 | Lair:1   | Reached skill level 1 in Armour
 10338 | Lair:2   | Noticed a boulder beetle
 10355 | Lair:2   | Killed a boulder beetle
 10356 | Lair:2   | Reached skill level 13 in Long Blades
 10572 | Lair:2   | Found a staircase to the Swamp.
 10873 | Lair:3   | Noticed a skyshark
 10886 | Lair:3   | Slain by a skyshark

Illustrated notes

Levels and vault maps discovered:
D:1:      mrwooster_arrival_statue_2, layout_basic, serial_corexii_hall,
          corexii_hall_statues_x, corexii_hall_statues_x, minmay_vboxes
D:2:      layout_basic, serial_shops, shop, kennysheep_another_room,
          minmay_misc_feat_cross, uniq_jessica, uniq_natasha
D:3:      layout_basic, nicolae_ashenzari_panopticon, xom_butterflies
D:4:      layout_cave_pods, grunt_decor_cap, uniq_pikel, uniq_blork_the_orc
D:5:      layout_basic, nicolae_uskayaw_en_pointe, minivault_4, uniq_eustachio
D:6:      layout_gridville, mainiacjoe_overflow_alcove_4,
          grunt_dithmenos_shadows, minmay_temple_entry_statues,
          gammafunk_ghost_grave
D:7:      layout_gridville, enter_ossuary_3, nrook_loot_triangle, uniq_duvessa,
          uniq_crazy_yiuf_cottage
D:8:      layout_basic, nicolae_overflow_crystal_walls,
          nemelex_xobeh_ov_fountains_minmay, grunt_qazlal_sundering,
          chei_slow_surprise, mainiacjoe_overflow_boulevard, uniq_maurice
D:9:      minmay_four_partial_circles, layout_basic,
          pdpol_wu_jian_five_deadly_venoms, fedhas_altar_4,
          kennysheep_little_box, orc_0_dummy, serial_shops, shop,
          enter_bailey_6, nzn_life_drinkers
D:10:     layout_basic, amcnicky_altar_gilded, mainiacjoe_overflow_paths,
          ebering_ghost_rock_garden, serial_shops, shop, uniq_erolcha
Temple:   nicolae_temple_little_seven
Lair:1:   layout_roguey, patterned_corridor
Lair:2:   layout_hall_layers, nicolae_swamp_entry_splash_gauntlet,
          hellmonk_spider_entry_not_the_bees, serial_rivers,
          chequers_serial_rivers_micro_d, chequers_serial_rivers_small_b,
          chequers_serial_rivers_small_a, chequers_serial_rivers_micro_b
Lair:3:   layout_big_grid, lightli_volcano_entry_magma_tube
Orc:1:    layout_caves, basic_altar
Orc:2:    st_orc_congregation, layout_caves, nicolae_shop_overcharged_wands,
          uniq_urug

Skill      XL: |  1  2  3  4  5  6  7  8  9 10 11 12 |
---------------+-------------------------------------+-----
Long Blades    | 4 5 6 7 9 11 12 13 | 13.5
Stealth        | 1 2 3 5 6 8 9 11 12 | 12.6
Dodging        | 4 5 6 8 9 |  9.9
Throwing       | 3 4 6 7 8 |  8.7
Fighting       | 3 4 6 7 8 |  8.8
Armour         | 3 |  3.1

Action                     |  1- 3 |  4- 6 |  7- 9 | 10-12 || total
---------------------------+-------+-------+-------+-------++-------
  Melee: Long sword        |    52 |    73 |   287 |    31 ||   443
         Kick              |    17 |    40 |   100 |   168 ||   325
         Peck              |     8 |    26 |    58 |   113 ||   205
         Dagger            |    18 |    64 |       |       ||    82
         Punch             |       |     1 |     5 |     1 ||     7
         Great sword       |       |       |       |   448 ||   448
  Throw: Throwing net      |       |     2 |     2 |     2 ||     6
Ability: Whirlwind         |       |       |       |    33 ||    33
         Lunge             |       |       |       |    23 ||    23
         Wall Jump         |       |       |       |     4 ||     4
  Evoke: Wand              |       |       |       |     6 ||     6
    Use: Scroll            |       |     3 |     6 |    12 ||    21
         Potion            |       |       |     1 |     5 ||     6
   Stab: Sleeping          |       |     1 |     6 |    13 ||    20
         Distracted        |       |       |     1 |     5 ||     6
 Armour: Leather armour    |     6 |       |       |       ||     6
         Ring mail         |     5 |    26 |    51 |    50 ||   132
         Troll leather arm |       |       |       |    23 ||    23
  Dodge: Dodged            |    39 |    84 |   201 |   409 ||   733
